 Dungeon Crawl Stone Soup version 0.29.1-15-g9cfb28693d (webtiles) character file.

Game seed: 5144030046216513808

11053 croobank the Storyteller (level 11, -8/114 HPs)
             Began as a Demonspawn Fire Elementalist on Apr 6, 2023.
             Was a Believer of Hepliaklqana.
             Mangled by a minotaur
             ... wielding a +6 vampiric broad axe
              (25 damage)
             ... in a Gauntlet.
             The game lasted 00:54:47 (14629 turns).

croobank the Storyteller (DsFE)                    Turns: 14629, Time: 00:54:48

Health: -8/114     AC: 29    Str: 15    XL:     11   Next: 44%
Magic:  0/20       EV:  2    Int: 23    God:    Hepliaklqana [**....]
Gold:   166        SH: 17    Dex: 13    Spells: 10/22 levels left

rFire   + . .      SeeInvis .   N - +6 dagger (freeze)
rCold   x . .      Faith    .   w - +1 buckler
rNeg    . . .      Spirit   +   (body armour currently unavailable)
rPois   +          Reflect  .   (helmet currently unavailable)
rElec   .          Harm     .   (cloak currently unavailable)
rCorr   .          Rampage  .   (gloves currently unavailable)
Will    .....      NoTele   +   (boots currently unavailable)
Stlth   +++.......              I - brooch of Shielding {Spirit SH+8}
HPRegen 0.29/turn               P - ring of Qiabek {rPois Str+6 Int+2}
MPRegen 0.17/turn               j - ring of fire

@: tree-form, invisible, unable to read
A: stationary, stasis, torment immunity, boosted hp, reduced essence, (claws 2),
rugged brown scales 2, icemail 1, condensation shield, inability to read after
injury 1
a: Renounce Religion, Recall Ancestor, Ancestor Identity


You were in a Gauntlet.
You worshipped Hepliaklqana.
Hepliaklqana was pleased with you.
You were a tree.
You visited 2 branches of the dungeon, and saw 12 of its levels.
You also visited: Bailey and Gauntlet.

You collected 600 gold pieces.
You spent 434 gold pieces at shops.

Inventory:

Hand Weapons
 a - a +1 short sword of venom
 k - a +2 great sword of freezing
 p - a +3 spear of venom
 v - a +0 vorpal scimitar
 C - a +1 dagger of draining
 N - a +6 dagger of freezing (weapon)
Missiles
 D - 8 curare-tipped darts (quivered)
 E - 12 poisoned darts
 L - 4 atropa-tipped darts
Armour
 f - the +0 pair of boots of Perfidy (melded) {rElec Int+4}
   (You acquired it on level 1 of the Dungeon)

   Int:       It affects your intelligence (+4).
   rElec:     It insulates you from electricity.
 h - the +2 pair of boots of Xom's Whim {rElec Regen+}
   (You found it in a bailey)

   rElec:     It insulates you from electricity.
   Regen:     It increases your rate of health regeneration.
 w - a +1 buckler (worn)
 z - a +1 pair of gloves of stealth (melded)
 M - a +0 cloak (melded)
 Q - a +2 troll leather armour (melded)
Jewellery
 d - an amulet of magic regeneration
 j - a ring of fire (right branch)
 o - a ring of positive energy
 y - a ring of flight
 I - the brooch of Shielding (around neck) {Spirit SH+8}
   (You found it on level 6 of the Dungeon)

   [amulet of guardian spirit]

   It causes incoming damage to be divided between your reserves of health and
   magic.
   SH:        It affects your SH (+8).
 P - the ring of Qiabek (left branch) {rPois Str+6 Int+2}
   (You acquired it on level 10 of the Dungeon)

   [ring of strength]

   Str:       It affects your strength (+6).
   Int:       It affects your intelligence (+2).
   rPois:     It protects you from poison.
Wands
 c - a wand of mindburst (7)
 m - a wand of flame (25)
 T - a wand of paralysis (12)
Scrolls
 u - a scroll of poison
 A - a scroll of brand weapon
 B - a scroll of fear
 H - 4 scrolls of teleportation
Potions
 b - 2 potions of magic
 e - 3 potions of lignification
 g - 3 potions of ambrosia
 i - 8 potions of curing
 q - 3 potions of haste {unknown}
 r - a potion of might
 s - 5 potions of flight
 x - a potion of berserk rage {unknown}
 R - a potion of attraction
 S - 2 potions of resistance


   Skills:
 + Level 6.1 Fighting
 + Level 6.0 Dodging
 + Level 6.4 Stealth
 - Level 3.0 Shields
 + Level 6.1 Spellcasting
 + Level 6.1 Conjurations
 + Level 6.4 Fire Magic
 + Level 4.5 Air Magic
 * Level 1.4 Earth Magic
 + Level 4.8 Poison Magic
 + Level 7.2 Invocations


You had 10 spell levels left.
You knew the following spells:

 Your Spells              Type           Power      Damage    Failure   Level
a - Foxfire               Conj/Fire      100%       2x1d9     1%          1
b - Scorch                Fire           100%       2d10      1%          2
c - Mephitic Cloud        Conj/Pois/Air  30%        N/A       4%          3
d - Inner Flame           Hex/Fire       32%        N/A       9%          3
e - Stone Arrow           Conj/Erth      48%        3d10      7%          3

Your spell library contained the following spells:

 Spells                   Type           Power      Damage    Failure   Level
 Magic Dart               Conj           100%       1d8       1%          1
 Conjure Flame            Conj/Fire      52%        6-21      2%          3
 Sandblast                Erth           26%        2d8       6%          1
 Flame Wave               Conj/Fire      52%        2d13      9%          4
 Necrotise                Necr           28%        1d5       11%         1
 Passwall                 Tmut/Erth      8%         N/A       13%         2
 Call Imp                 Summ           7%         N/A       17%         2
 Ozocubu's Armour         Ice            7%         N/A       32%         3
 Vampiric Draining        Necr           7%         2d6       32%         3
 Agony                    Necr           7%         N/A       97%         5
 Dispersal                Tloc           3%         N/A       100%        6
 Summon Cactus Giant      Summ           3%         N/A       100%        6
 Ozocubu's Refrigeration  Ice            3%         4d8       100%        7
 Disjunction              Tloc           3%         N/A       100%        8


Dungeon Overview and Level Annotations

Branches:
Dungeon (11/15)            Temple (1/1) D:5             Orc (0/2) D:10
 Bailey (visited)         Gauntlet (1/1)
   Lair: D:8-11

Altars:
Ashenzari
Dithmenos
Fedhas
Gozag
Hepliaklqana
Kikubaaqudgha
Makhleb
Qazlal
Sif Muna
Trog
Uskayaw
Vehumet
Wu Jian
Xom
Yredelemnul

Shops:
D:1 ?   D:7 (   D:9 ?

Annotations:
Gauntlet 6 transporters, exclusions: ice statue and oklob plant


Innate Abilities, Weirdness & Mutations

You are a tree.
Your roots penetrate the ground, keeping you stationary.
You cannot be teleported.
You are immune to unholy pain and torment.
Your maximum health is greatly increased.
Your equipment is partially melded.
Your life essence is reduced to manifest your ancestor. (-10% HP)
((You have very sharp fingernails.))
(You are mostly covered in rugged brown scales. (AC +2, +5% HP))
A meltable icy envelope protects you from harm. (AC +4)
A meltable shield of frost defends you. (SH +4)
You occasionally lose the ability to read scrolls when taking damage.


Message History

Casting: Scorch (safe; 1% risk of failure)
Confirm with . or Enter, or press ? or * to list all spells.
You feel a surge of power!
Flames lash the minotaur.
The minotaur is lightly wounded.
The minotaur's fire resistance burns away.
The minotaur hits you with a +6 vampiric broad axe.
* * * LOW HITPOINT WARNING * * *
You block the minotaur's attack.
Casting: Scorch (safe; 1% risk of failure)
Confirm with . or Enter, or press ? or * to list all spells.
You feel a surge of power!
Flames lash the minotaur but do no damage.
The minotaur barely misses you. You block the minotaur's attack.
Okay, then.
Unknown command.
Okay, then.
Okay, then.
Aiming: Paralyse
Press: ? - help, Shift-Dir - straight line, f/p - minotaur
Aim: a minotaur, wielding a +6 vampiric broad axe, wearing a +2 chain mail of cold resistance, wearing a +1 kite shield of poison resistance and quivering javelins (noxious fumes, lightly wounded, unable to see you, more vulnerable to fire, chance to affect: 1%)
Okay, then.
You don't have any such object.
Evoke which item? (* to show all) (? for menu, Esc to quit)
Okay, then.
Unknown command.
Okay, then.
Aiming: Mindburst
Press: ? - help, Shift-Dir - straight line, f/p - minotaur
Aim: a minotaur, wielding a +6 vampiric broad axe, wearing a +2 chain mail of cold resistance, wearing a +1 kite shield of poison resistance and quivering javelins (noxious fumes, lightly wounded, unable to see you, more vulnerable to fire, chance to affect: 6%)
Okay, then.
Okay, then.
Throw: 9 darts (curare)
Press: ? - help, Q - select action, (/) - cycle Shift-Dir - straight line, f/p - minotaur
Aim: a minotaur, wielding a +6 vampiric broad axe, wearing a +2 chain mail of cold resistance, wearing a +1 kite shield of poison resistance and quivering javelins (noxious fumes, lightly wounded, unable to see you, more vulnerable to fire, 75% to hit)
You throw a curare-tipped dart.
The curare-tipped dart hits the minotaur.
The minotaur is lightly wounded.
The minotaur hits you with a +6 vampiric broad axe!!
You feel threatened and lose the ability to read scrolls!
You die...

########..###..#
#..... ...##§..#
##.##.###..###..#
#8.........##≈..#
.....#.#..###§.#
#########.#.#....#..#
#8[8÷8.8#...#...©#..#
#∩..°H.('.###....#...
#8}8♣8°8#...#....#.∩.
#########.#.#...©#..#
..#.#....#..#
.......###..#
##.###..##≈..#
.......###..# #####
.##≈..# ##..# #§§.#


You could see a minotaur (unable to see you, combustible).

Vanquished Creatures
  2 two-headed ogres
  Psyche (D:9)
  2 trolls
  A hornet (D:10)
  A tyrant leech (Gauntlet)
  2 steam dragons (D:7)
  6 yaks (D:10)
  A wyvern (D:10)
  A chaos spawn (Gauntlet)
  A neqoxec (Gauntlet)
  2 acid dragons
  2 swamp worms (Gauntlet)
  3 water moccasins
  13 orc warriors
  2 black bears
  2 sky beasts (D:8)
  An ogre (D:10)
  2 centaurs
  3 kobold brigands
  A necrophage (D:6)
  2 scorpions
  A bullfrog (D:9)
  3 gnoll sergeants
  5 killer bees
  5 howler monkeys
  2 hounds
  2 orc priests
  A gnoll bouda (D:8)
  2 jellies
  Crazy Yiuf (D:7)
  4 orc wizards
  3 iguanas
  15 gnolls
  4 adders
  3 shadow imps
  An ufetubus (D:5)
  3 dart slugs
  36 orcs
  10 ball pythons
  5 endoplasms
  4 giant cockroaches
  9 goblins
  7 hobgoblins
  2 quokkas
  4 bats
  8 frilled lizards
  13 kobolds
  3 rats
207 creatures vanquished.

Vanquished Creatures (collateral kills)
  A fire crab (Gauntlet)
  5 yaks (D:9)
  2 wraiths (D:10)
  A wyvern (D:9)
  3 fire bats (Gauntlet)
  3 orc warriors
  3 bullfrogs (D:9)
  A gnoll sergeant (D:10)
  3 killer bees
  A howler monkey (D:7)
  An orc priest (D:7)
  A jelly (D:8)
  2 orc wizards
  4 orcs
  2 goblins (D:9)
33 creatures vanquished.

Vanquished Creatures (others)
  6 battlemagi
  6 ancestors
  360 foxfires
372 creatures vanquished.

Grand Total: 612 creatures vanquished

Notes
Turn   | Place    | Note
-------+----------+-------------------------------------------
     0 | D:1      | croobank the Demonspawn Fire Elementalist began the quest
                  | for the Orb.
     0 | D:1      | Reached XP level 1. HP: 13/13 MP: 3/3
   246 | D:1      | Found Virchyng's Magic Scroll Emporium.
   480 | D:1      | Gained mutation: A meltable shield of frost defends you.
                  | (SH +4) [demonic ancestry]
   480 | D:1      | Reached XP level 2. HP: 20/20 MP: 1/5
   584 | D:1      | Learned a level 2 spell: Scorch
  1311 | D:1      | Reached XP level 3. HP: 25/25 MP: 2/6
  1324 | D:1      | Reached skill level 1 in Fighting
  1897 | D:2      | Reached XP level 4. HP: 32/32 MP: 2/7
  3081 | D:3      | Found an ancient bone altar of Kikubaaqudgha.
  3207 | D:4      | Noticed a black bear
  3234 | D:4      | Killed a black bear
  3235 | D:4      | Reached XP level 5. HP: 32/38 MP: 0/9
  4237 | D:5      | Entered Level 5 of the Dungeon
  4321 | D:5      | Gained mutation: A meltable icy envelope protects you from
                  | harm. (AC +4) [demonic ancestry]
  4321 | D:5      | Reached XP level 6. HP: 44/44 MP: 4/10
  5005 | D:5      | Found a staircase to the Ecumenical Temple.
  5012 | Temple   | Entered the Ecumenical Temple
  5134 | Temple   | Became a worshipper of Hepliaklqana the Forgotten
  5466 | D:5      | Reached skill level 1 in Invocations
  5466 | D:5      | Reached XP level 7. HP: 25/51 MP: 0/12
  5810 | D:1      | Bought a scroll of identify for 26 gold pieces
  5810 | D:1      | Bought a scroll of immolation for 52 gold pieces
  5810 | D:1      | Bought a scroll of blinking for 97 gold pieces
  5810 | D:1      | Bought a scroll of teleportation for 39 gold pieces
  6261 | D:6      | Found the brooch of Shielding {Spirit SH+8}
  6400 | D:6      | Reached skill level 2 in Invocations
  6445 | D:6      | Found a shadowy altar of Dithmenos.
  6783 | D:6      | Reached skill level 1 in Shields
  6981 | D:6      | Reached * piety under Hepliaklqana
  7118 | D:7      | Gained mutation: You are partially covered in rugged brown
                  | scales. (AC +1, +3% HP) [demonic ancestry]
  7118 | D:7      | Reached XP level 8. HP: 46/53 MP: 5/13
  7225 | D:7      | Learned a level 3 spell: Mephitic Cloud
  7322 | D:7      | Reached skill level 3 in Invocations
  7581 | D:7      | Reached skill level 1 in Air Magic
  7581 | D:7      | Reached skill level 1 in Poison Magic
  7752 | D:7      | Found a shimmering blue altar of Sif Muna.
  7992 | D:7      | Found a shimmering altar of Xom.
  8005 | D:7      | Found Archig's Weapon Shop.
  8142 | D:7      | Found a runed translucent door.
  8142 | D:7      | Noticed Crazy Yiuf
  8266 | D:7      | Killed Crazy Yiuf
  8894 | D:8      | Gained mutation: You are mostly covered in rugged brown
                  | scales. (AC +2, +5% HP) [demonic ancestry]
  8894 | D:8      | Reached XP level 9. HP: 55/61 MP: 11/15
  8908 | D:8      | Reached skill level 4 in Invocations
  9279 | D:8      | Noticed a troll
  9285 | D:8      | Killed a troll
  9880 | D:8      | Found an opulent altar of Gozag.
  9990 | D:8      | Found an ornate altar of the Wu Jian Council.
 10361 | D:1      | Bought a scroll of teleportation for 39 gold pieces
 10361 | D:1      | Bought a scroll of magic mapping for 97 gold pieces
 10604 | D:1      | Identified a scroll of acquirement
 10604 | D:1      | Acquired the +0 pair of boots of Perfidy {rElec Int+4}
 10764 | D:9      | Noticed a two-headed ogre
 10772 | D:9      | Killed a two-headed ogre
 10773 | D:9      | Reached skill level 5 in Stealth
 10773 | D:9      | Reached skill level 5 in Fire Magic
 10773 | D:9      | Reached skill level 5 in Invocations
 10863 | D:9      | Reached ** piety under Hepliaklqana
 10864 | D:9      | Remembered your ancestor Zolin as a battlemage
 11016 | D:9      | Noticed Psyche
 11025 | D:9      | Killed Psyche
 11026 | D:9      | Reached skill level 5 in Spellcasting
 11026 | D:9      | Gained mutation: You have sharp fingernails. [demonic
                  | ancestry]
 11026 | D:9      | Reached XP level 10. HP: 46/69 MP: 13/17
 11056 | D:9      | Noticed a seven-headed hydra
 11090 | D:9      | Reached skill level 5 in Conjurations
 11135 | D:9      | Found a flagged portal.
 11147 | Bailey   | Entered a bailey
 11200 | Bailey   | Reached skill level 5 in Fighting
 11328 | Bailey   | Reached skill level 5 in Dodging
 11608 | Bailey   | Identified the +2 pair of boots of Xom's Whim {rElec
                  | Regen+}
 11654 | D:9      | Reached skill level 6 in Invocations
 11676 | D:10     | Entered Level 10 of the Dungeon
 11953 | D:9      | Found Niutricw's Magic Scroll Boutique.
 11956 | D:9      | Bought a scroll of immolation for 56 gold pieces
 11956 | D:9      | Bought a scroll of identify for 28 gold pieces
 12147 | D:9      | Learned a level 3 spell: Inner Flame
 12171 | D:9      | Found a burning altar of Makhleb.
 12417 | D:10     | Noticed a two-headed ogre
 12423 | D:10     | Killed a two-headed ogre
 12699 | D:10     | Acquired the ring of Qiabek {rPois Str+6 Int+2}
 12726 | D:10     | Found a staircase to the Orcish Mines.
 12730 | D:10     | Gained mutation: You have very sharp fingernails. [demonic
                  | ancestry]
 12730 | D:10     | Reached XP level 11. HP: 76/76 MP: 19/19
 12926 | D:10     | Reached skill level 7 in Invocations
 13367 | D:11     | Found a gate leading to a gauntlet.
 13380 | Gauntlet | Entered a Gauntlet
 13380 | Gauntlet | Found a transporter.
 13380 | Gauntlet | Found a transporter.
 13380 | Gauntlet | Found a transporter.
 13397 | Gauntlet | Found a transporter.
 13398 | Gauntlet | Found a transporter.
 13409 | Gauntlet | Found a transporter.
 13409 | Gauntlet | Found a transporter.
 13412 | Gauntlet | Noticed a death yak
 13414 | Gauntlet | Noticed a death yak
 13414 | Gauntlet | Noticed a death yak
 13417 | Gauntlet | Found a transporter.
 13436 | Gauntlet | Found a transporter.
 13454 | Gauntlet | Found a transporter.
 13457 | Gauntlet | Found a transporter.
 13459 | Gauntlet | Noticed a fire crab
 13467 | Gauntlet | Found a transporter.
 13566 | Gauntlet | Noticed an oklob plant
 14075 | Gauntlet | Learned a level 3 spell: Stone Arrow
 14094 | Gauntlet | Gained mutation: You occasionally lose the ability to read
                  | scrolls when taking damage. [a neqoxec]
 14285 | Gauntlet | Killed a fire crab
 14286 | Gauntlet | Reached skill level 1 in Earth Magic
 14606 | Gauntlet | Noticed a minotaur
 14620 | Gauntlet | Identified the +0 chain mail of the Barracuda {rElec
                  | Regen+}
 14629 | Gauntlet | Mangled by a minotaur

Illustrated notes

Levels and vault maps discovered:
D:1:      dpeg_arrival_signposts, layout_basic, serial_shops, shop,
          chequers_hall_statues_wall_a, minmay_pentomino_u4
D:2:      layout_rooms, grunt_decor_resistance
D:3:      layout_basic, nicolae_kikubaaqudgha_miasma_corner
D:4:      layout_loops_ring
D:5:      cheibrodos_thug_alley, layout_loops_cross, temple_statues
D:6:      layout_basic, grunt_dithmenos_smoke
D:7:      layout_rooms, nicolae_sif_muna_condensation,
          mainiacjoe_overflow_brackets, serial_shops,
          nicolae_shop_bloodbath_and_beyond, uniq_crazy_yiuf_cottage
D:8:      layout_loops_ring, nicolae_gozag_cash_rules_everything_around_me,
          kennysheep_mini_moat, minivault_21
D:9:      layout_roguey, mainiacjoe_overflow_alcove_4, serial_glass,
          glass_columns_b, glass_columns_a, feat_on_display, enter_bailey_3,
          serial_shops, kennysheep_mini, corexii_corridor_pit,
          hangedman_abyss_or_decor_lesser_grid, hangedman_decor_clover_reticule,
          wad_dig_loot, uniq_psyche
D:10:     layout_roguey, kennysheep_orc_monster_closet_entryway
D:11:     layout_irregular_city, erik_lair_island, gauntlet_entry_generic,
          lightli_elemental_guards
Temple:   regret_index_temple_generic_petals
Gauntlet: minmay_gauntlet_mixed_big_or_small [gammafunk_gauntlet_arena_corners,
          minmay_gauntlet_arena_77_box, gammafunk_gauntlet_arena_split_diamond,
          minmay_gauntlet_arena_77_double_cross,
          nicolae_gauntlet_arena_flowing_pool, minmay_gauntlet_arena_77_braids,
          nicolae_gauntlet_exit_dead_adventurers]

Skill      XL: |  1  2  3  4  5  6  7  8  9 10 11 |
---------------+----------------------------------+-----
Dodging        | 2 3 4 5 6 |  6.0
Stealth        | 2 3 4 5 6 |  6.4
Fire Magic     | 3 4 5 6 |  6.4
Fighting       | 1 2 3 4 5 6 |  6.1
Conjurations   | 2 3 4 5 6 |  6.1
Spellcasting   | 3 4 5 6 |  6.1
Invocations    | 1 2 3 5 6 7 |  7.2
Shields        | 1 2 3 |  3.0
Air Magic      | 1 2 4 |  4.5
Poison Magic   | 1 3 4 |  4.8
Earth Magic    | 1 |  1.4

Action                   |  1- 3 |  4- 6 |  7- 9 | 10-12 || total
-------------------------+-------+-------+-------+-------++-------
Melee: Short sword       |    35 |    34 |    12 |       ||    81
       Punch             |     1 |     1 |       |     2 ||     4
       Dagger            |       |       |     7 |    60 ||    67
Throw: Dart              |       |       |     6 |     4 ||    10
 Cast: Foxfire           |    41 |    48 |    82 |    40 ||   211
       Scorch            |     9 |    45 |    97 |    75 ||   226
       Mephitic Cloud    |       |       |       |     2 ||     2
Invok: Ancestor Life: Ba |       |       |     1 |       ||     1
Evoke: Wand              |       |       |     4 |     4 ||     8
  Use: Scroll            |       |     2 |    13 |    14 ||    29
       Potion            |       |       |       |     4 ||     4
 Stab: Sleeping          |     4 |       |     3 |     2 ||     9
       Paralysed         |       |       |     3 |       ||     3
Armor: Robe              |    13 |     9 |    16 |       ||    38
       Troll leather arm |       |       |     2 |    17 ||    19
       Skin              |       |       |       |     3 ||     3
Dodge: Dodged            |    31 |    29 |    40 |    34 ||   134
Block: Other             |    10 |    11 |     6 |    38 ||    65
       Buckler           |       |       |       |     9 ||     9
